[Event "*** Titled Tuesday Blitz"]
[Site "Chess.com"]
[Date "2021.03.09"]
[Round "8"]
[White "samidescalona2002"]
[Black "Herman-NY"]
[Result "1/2-1/2"]
[WhiteElo "2293"]
[BlackElo "2448"]
[TimeControl "180+1"]
[EndTime "11:32:53 PST"]
[Termination "Game drawn by repetition"]

1. d4 Nf6 2. Bf4 g6 3. e3 Bg7 4. h3 O-O 5. Nf3 d6 6. c4 b6 7. Nc3 c5 8. d5 a6 9. a4 a5 10.
Bd3 Na6 11. O-O Nb4 12. e4 Nh5 13. Bh2 e5 14. dxe6 fxe6 15. Be2 e5 16. Ne1 Nf4 17. Bg4 Ne6 18. Bxe6+ Bxe6 19. b3 Bh6 20. Nb5 Bf4 21.
Nd3 Bxh2+ 22. Kxh2 Nc6 23. Qd2 Qe7 24. Rad1 g5 25. f3 Rad8 26. Qf2 Kh8 27. Qg3 Bc8 28. Rd2 Ba6 29. Nc3 Nd4 30. Nd5 Qg7 31.
Nc1 Rb8 32. Rfd1 Bc8 33. Qf2 Be6 34. Ne2 Nxb3 35. Rb2 Bxd5 36. Rxd5 Nd4 37. Rxd6 Rf6 38.
Rd5 Rh6 39. Ng3 Rf8 40. Qe3 Rh4 41. Nf5 Nxf5 42. exf5 Rxc4 43. Rxb6 Rxa4 44. Re6 Rf4 45. Rdxe5 R4xf5 46. Re7 Qf6 47. R5e6 Qd4 48. Qxd4+ cxd4 49.
Ra7 Rd5 50. Ree7 Rfd8 51. Rxh7+ Kg8 52. Rhg7+ Kh8 53. Rh7+ Kg8 54. Rhg7+ Kf8 55. Rgf7+ Kg8 56. f4 g4 57. Rg7+ Kf8 58. hxg4 d3 59. Rh7 Kg8 60.
Rhf7 d2 61. Rg7+ Kh8 62. Rh7+ Kg8 63. Rhg7+ Kf8 64. Rgf7+ Kg8 65. Rg7+ 1/2-1/2

[Event "*** Titled Tuesday Blitz"]
[Site "Chess.com"]
[Date "2021.03.09"]
[Round "8"]
[White "Piotrek1979"]
[Black "VladaSviridova"]
[Result "0-1"]
[WhiteElo "2342"]
[BlackElo "2229"]
[TimeControl "180+1"]
[EndTime "11:32:56 PST"]
[Termination "VladaSviridova won by checkmate"]

1. e4 e6 2. d4 d5 3. Nd2 c5 4. exd5 Qxd5 5. Ngf3 cxd4 6. Bc4 Qd7 7.
O-O Nc6 8. Nb3 a6 9. Nbxd4 Nxd4 10. Qxd4 Qxd4 11. Nxd4 Bd7 12. a4 Nf6 13. Re1 Rc8 14.
Bb3 Bc5 15. Nf3 Ng4 16. Re2 Bc6 17. Ne5 Bxf2+ 18. Rxf2 Nxe5 19. Bf4 Ng6 20. Bg3 O-O 21.
c3 Rfd8 22. Bc2 Rd7 23. a5 Rcd8 24. Re1 Rd2 25. Ree2 Rxe2 26. Rxe2 Rd5 27. b4 Bb5 28. Rf2 f5 29. Bc7 Ne5 30. h3 Nc4 31. Bb3 Kf7 32.
Kh2 Rd3 33. Bxc4 Bxc4 34. Be5 Bd5 35. Re2 Rd1 36. Kg3 g5 37. h4 h6 38. hxg5 hxg5 39.
Kf2 Kg6 40. Ke3 f4+ 41. Kf2 Kf5 42. Bd4 Bc4 43. Re5+ Kg4 44. Re1 Rd2+ 45. Kg1 Bd5 46. Bf2 Rc2 47. Rb1 Rxc3 48. b5 Ra3 49. bxa6 bxa6 50.
Rb8 Rxa5 51. Rg8 Ra1+ 52. Kh2 Ra2 53. Kg1 a5 54. g3 Ra1+ 55. Be1 Rxe1+ 56. Kf2 Ra1 57.
gxf4 Kxf4 58. Rf8+ Kg4 59. Ke3 a4 60. Kd4 a3 61. Ke5 a2 62. Rb8 Re1+ 63. Kf6 a1=Q+ 64. Kg6 Be4+ 65. Kh6 Rh1# 0-1

[Event "*** Titled Tuesday Blitz"]
[Site "Chess.com"]
[Date "2021.03.09"]
[Round "8"]
[White "IljaJoke"]
[Black "TST2014"]
[Result "1-0"]
[WhiteElo "2487"]
[BlackElo "2603"]
[TimeControl "180+1"]
[EndTime "11:32:58 PST"]
[Termination "IljaJoke won by resignation"]

1. e4 c5 2. Nf3 d6 3. d4 cxd4 4. Nxd4 Nf6 5. Nc3 Nc6 6. Nd5 e6 7. Nxf6+ Qxf6 8. Nb5 Qd8 9. Bf4 e5 10. Be3 a6 11. Nc3 Be6 12. Be2 Be7 13. O-O O-O 14. Nd5 Bg5 15. Qd2 Bxe3 16. Nxe3 Rc8 17. Rfd1 Qh4 18.
f3 Rfd8 19. c3 g6 20. Bc4 Qg5 21. Bd5 Ne7 22. Bxb7 Rb8 23. Bxa6 Ra8 24. Bf1 Rxa2 25. Rxa2 Bxa2 26. Nd5 Qxd2 27. Nxe7+ Kf8 28. Rxd2 Kxe7 29. b4 Be6 30. c4 f5 31. exf5 gxf5 32. Kf2 Rc8 33.
Rc2 Kd7 34. c5 dxc5 35. bxc5 Kc6 36. Rb2 Kxc5 37. Rc2+ Kd6 38. Rb2 h5 39. h4 Rc6 40.
g3 Bd5 41. f4 e4 42. Be2 Rc3 43. Rb6+ Kc5 44. Rb5+ Kc6 45. Rb1 e3+ 46. Ke1 Be4 47. Ra1 Kc5 48. Bxh5 Rc2 49. Be2 Kd4 50. h5 Bd3 51.
Ra4+ Kc3 52. Ra3+ Kb2 53. Rxd3 Rc1+ 54. Rd1 Rc6 55. Kf1 Rc7 56. Rd3 Re7 57. Kg2 Kc2 58.
Kf3 Re6 59. Rxe3 Rh6 60. Kf2 Kd2 61. Re5 Rd6 62. Rxf5 Kc2 63. Re5 Kd2 64. g4 Rd5 65. Rxd5+ Kc3 66. g5 Kb4 67. Re5 Ka3 68. h6 Kb2 69. h7 Kc3 70. h8=Q Kd4 71. Qd8+ Kc3 72. Re7 Kb2 73. Rc7 Ka3 74. Qb8 1-0

[Event "*** Titled Tuesday Blitz"]
[Site "Chess.com"]
[Date "2021.03.09"]
[Round "8"]
[White "DinaBelenkaya"]
[Black "zacachess"]
[Result "0-1"]
[WhiteElo "2349"]
[BlackElo "2482"]
[TimeControl "180+1"]
[EndTime "11:33:00 PST"]
[Termination "zacachess won by resignation"]

1. e4 c5 2. Nc3 Nc6 3. g3 g6 4. Bg2 Bg7 5. d3 d6 6. Nf3 e5 7. Nd5 h6 8. Be3 Nge7 9. Qd2 Nxd5 10. exd5 Ne7 11. c4 Nf5 12. O-O O-O 13. Ne1 Nxe3 14. fxe3 f5 15. Nc2 Bd7 16. Rae1 b5 17. b3 Rb8 18. e4 h5 19. Bh3 Kh7 20. Qe2 f4 21.
Bxd7 Qxd7 22. Kh1 bxc4 23. dxc4 Rf7 24. Na3 Rbf8 25. Nb5 a6 26. Nc3 fxg3 27. Rxf7 Qxf7 28.
hxg3 Qf3+ 29. Qxf3 Rxf3 30. Ne2 Re3 31. Kg2 Bh6 32.
Kf2 Rxe4 33. Nc3 Rxe1 34. Kxe1 Bf8 35. Ne4 Kh6 36. a3 a5 37. Ke2 g5 38. Kf3 Kg6 39. Nc3 Kf5 40. Ne4 g4+ 41. Ke3 Bh6+ 42. Kd3 Bf8 43. Nc3 Be7 44. Ne4 Bf8 45. Nc3 h4 46. gxh4 Kf4 47. h5 Kf3 48. Ne4 g3 49. Nd2+ Kf2 50. Ne4+ Kg2 51. Ke2 Kh2 52. Ng5 g2 53. Nf3+ Kh1 54. Kf2 e4 55. Ng1 e3+ 56. Kxe3 Kxg1 57. h6 Bxh6+ 58. Ke4 Kf1 59. Kf5 g1=Q 60.
Ke6 Bf4 61. Kd7 Qe3 62. Kc6 Qxb3 63. a4 Qxa4+ 64. Kc7 Qxc4 65. Kc6 a4 66. Kc7 Qxd5 67. Kb6 c4 68. Ka6 c3 69. Ka7 Qb5 70. Ka8 a3 0-1

[Event "*** Titled Tuesday Blitz"]
[Site "Chess.com"]
[Date "2021.03.09"]
[Round "8"]
[White "LamaChampetre"]
[Black "SergeyShtyka"]
[Result "0-1"]
[WhiteElo "2229"]
[BlackElo "2431"]
[TimeControl "180+1"]
[EndTime "11:33:00 PST"]
[Termination "SergeyShtyka won by checkmate"]

1. d4 c5 2. d5 e5 3. Nc3 d6 4. e4 Be7 5. Bb5+ Bd7 6. a4 Bg5 7. Qg4 Bxc1 8. Rxc1 g6 9. Bxd7+ Qxd7 10. Qh4 Qe7 11. Qh3 Qd7 12. Qh4 a6 13. Nf3 b5 14.
O-O b4 15. Ne2 Qxa4 16. b3 Qd7 17. Nd2 Qe7 18. Qh3 Nd7 19. Nc4 Ngf6 20. Qh6 Nxe4 21. f4 f5 22. Qh3 O-O 23. Ng3 Nxg3 24. Qxg3 e4 25. Rcd1 Nf6 26. Rfe1 Rfd8 27. h3 Qf7 28. Nb6 Rab8 29. Nc4 Nxd5 30. h4 Qe6 31. h5 Nc3 32.
hxg6 Qxg6 33. Qxg6+ hxg6 34. Rxd6 Rxd6 35. Nxd6 a5 36. Nc4 a4 37. Re3 a3 38. Re1 Rd8 39. Ne5 Rd1 40. Rxd1 Nxd1 41. Nxg6 a2 42. Ne7+ Kf7 43. Nxf5 a1=Q 44. Nd6+ Kf8 45. Nxe4 Nc3+ 46. Kf2 Nxe4+ 47. Kf3 Nf6 48. f5 Qd4 49. g4 Qxg4+ 50.
Kf2 Qxf5+ 51. Ke2 Qxc2+ 52. Kf3 Qxb3+ 53. Kf4 Qd5 54. Kg3 Qe4 55. Kf2 Qd3 56. Kg2 Qe3 57. Kh2 Qf3 58. Kg1 Qe2 59. Kh1 Ng4 60. Kg1 Qf2+ 61.
Kh1 Qh2# 0-1

[Event "*** Titled Tuesday Blitz"]
[Site "Chess.com"]
[Date "2021.03.09"]
[Round "8"]
[White "Nuvas"]
[Black "Blitzking642"]
[Result "1-0"]
[WhiteElo "2565"]
[BlackElo "2415"]
[TimeControl "180+1"]
[EndTime "11:33:03 PST"]
[Termination "Nuvas won on time"]

1. d4 Nf6 2. c4 c5 3. d5 b5 4. cxb5 a6 5. bxa6 g6 6. Nc3 Bxa6 7. e4 Bxf1 8. Kxf1 d6 9. Nf3 Bg7 10. g3 O-O 11. Kg2 Qb6 12. Rb1 Na6 13. a3 Rfb8 14.
b3 Nc7 15. Qc2 Qa6 16. Nd2 e6 17. dxe6 Nxe6 18. Nc4 Nd4 19. Qd1 Nxb3 20. Rxb3 Qxc4 21. Rxb8+ Rxb8 22. Qxd6 Re8 23. e5 Qxc3 24. exf6 Bxf6 25. Be3 Bd4 26. Bxd4 cxd4 27. Rd1 Ra8 28. Rxd4 Qxa3 29.
Qf6 Re8 30. Rd7 Qb3 31. h4 h5 32. Qd4 Qe6 33. Kh2 Qe4 34. Qd2 Qe2 35. Qf4 Qe6 36. Rd4 Qb3 37. Rb4 Qe6 38. Rb7 Qd5 39. Rb1 Qe4 40. Qc1 Qf3 41. Rb2 Re2 42. Rxe2 Qxe2 43.
Qc8+ Kg7 44. Qc3+ Kg8 45. Qc5 Qf3 46. Qd4 Kh7 47. Kg1 Kg8 48. Kf1 Kh7 49. Ke1 Kg8 50.
Kd2 Kh7 51. Qc5 Kg8 52. Qb6 Kh7 53. Qa7 Kg8 54. Qb8+ Kh7 55. Qb6 Kg8 56. Qd4 Kh7 57. Qe3 Qxe3+ 58. Kxe3 Kg7 59. Ke4 Kf6 60. Kf4 Kg7 61.
Ke5 f6+ 62. Ke6 g5 63. Kf5 gxh4 64. gxh4 Kf7 65. f3 Kg7 66. Ke6 Kg6 67. f4 Kg7 68. f5 1-0

[Event "*** Titled Tuesday Blitz"]
[Site "Chess.com"]
[Date "2021.03.09"]
[Round "8"]
[White "SHIVACalypso"]
[Black "HanSchut"]
[Result "1-0"]
[WhiteElo "2365"]
[BlackElo "2217"]
[TimeControl "180+1"]
[EndTime "11:33:03 PST"]
[Termination "SHIVACalypso won by checkmate"]

1. Nf3 Nf6 2. c4 g6 3. g3 Bg7 4.
Bg2 O-O 5. O-O d5 6. d4 dxc4 7.
Na3 c5 8. dxc5 c3 9. bxc3 Ne4 10. Bb2 Bxc3 11. Bxc3 Nxc3 12. Qc2 Qa5 13. Nc4 Qb4 14. Nfe5 Nb5 15. Nd3 Qc3 16. Qb3 Nd4 17. Qxc3 Nxe2+ 18. Kh1 Nxc3 19. Rfc1 Ne2 20. Re1 Nd4 21. Rxe7 Nbc6 22.
Re4 Bf5 23. Rb1 Bxe4 24. Bxe4 Rae8 25. Nd6 Re7 26. Nf4 f5 27. Bd5+ Kg7 28. Rd1 Ne2 29. Bxc6 Nxf4 30. Bxb7 Nd3 31. Rxd3 Re1+ 32. Kg2 a5 33. c6 Re7 34. Nb5 Rff7 35. c7 Rxc7 36. Nxc7 Rxc7 37. Bd5 Kf6 38. Bb3 Ra7 39. a4 Ke5 40.
Bc4 Rc7 41. Bb5 Ke4 42. Rd6 Rc2 43. Ra6 f4 44. gxf4 Kxf4 45. Rxa5 h5 46. Ra6 g5 47. Rf6+ Ke5 48. Rh6 h4 49. Kf3 Rc3+ 50. Kg4 Rc2 51.
Kxg5 Rxf2 52. Rxh4 Rg2+ 53. Kh6 Kf6 54. Rf4+ Ke5 55. Rh4 Kf6 56. h3 Rg8 57. Rf4+ Ke5 58. Rf3 Ke4 59. Ra3 Kd4 60. a5 Kc5 61. Be2 Kb4 62. Ra1 Rh8+ 63. Kg5 Rxh3 64. a6 Rg3+ 65. Kf4 Rg2 66. a7 Rxe2 67. a8=Q Rb2 68. Qa3+ Kc4 69. Qxb2 Kc5 70. Rc1+ Kd6 71. Qe5+ Kd7 72. Rc7+ Kd8 73. Qe7# 1-0

[Event "*** Titled Tuesday Blitz"]
[Site "Chess.com"]
[Date "2021.03.09"]
[Round "8"]
[White "eCztery"]
[Black "MoonlighT89"]
[Result "1/2-1/2"]
[WhiteElo "2453"]
[BlackElo "2590"]
[TimeControl "180+1"]
[EndTime "11:33:06 PST"]
[Termination "Game drawn by repetition"]

1. e4 c5 2. Nf3 e6 3. d4 cxd4 4. Nxd4 Nc6 5. Nc3 Qc7 6. Nb3 Nf6 7. Bd3 Be7 8. O-O O-O 9. f4 d6 10. Qf3 Nb4 11. Be3 Bd7 12. Rac1 Bc6 13. Kh1 d5 14. Bd4 dxe4 15. Nxe4 Nxd3 16. cxd3 Qd7 17. Bxf6 gxf6 18. f5 exf5 19. Nbc5 Qd5 20. Qxf5 Qxf5 21. Rxf5 Kg7 22.
Rcf1 b6 23. Nb3 Rad8 24. Nxf6 Rxd3 25. Nh5+ Kg8 26. Nf4 Rd6 27. h3 Rfd8 28. Kh2 Rd1 29. Ne2 Rxf1 30. Rxf1 Bd6+ 31. Kg1 Bb5 32. Re1 Re8 33. Kf2 Re4 34. Ned4 Rxe1 35. Kxe1 Bc4 36. Nf5 Be5 37. Ne7+ Kg7 38. Nc6 Bxb2 39. Nxa7 Be5 40. Nc6 Bg3+ 41. Kd2 Bd5 42. Ncd4 Be4 43. Ke3 Bg6 44.
Nd2 Bd6 45. Ne4 Be5 46. g4 h5 47. Nf5+ Kf8 48. Neg3 hxg4 49. hxg4 f6 50. Ke4 Bf7 51. a3 Bb2 52. Nd6 Bxa3 53. Nxf7 Kxf7 54. Kd5 Kg6 55. Ne4 Kf7 56. Kc6 Bc1 57. Nxf6 Ke6 58. Nd5 Ke5 59. Nb4 Kf4 60. Nd3+ Kxg4 61. Nxc1 b5 62. Nd3 b4 63.
Nb2 b3 64. Kb5 Kg3 65. Kc4 Kg2 66. Kc3 Kh1 67. Kd2 Kg2 68. Kc1 Kg3 69. Kb1 Kg4 70.
Ka1 Kg5 71. Kb1 Kg6 72. Ka1 Kg7 73. Kb1 Kg8 74. Ka1 Kh8 75. Kb1 Kh7 76. Ka1 Kh6 77.
Kb1 Kh5 78. Ka1 Kh4 79. Kb1 Kh3 80. Ka1 Kh2 81. Kb1 Kh1 82. Ka1 Kg1 83. Kb1 Kh1 84.
Ka1 Kg1 85. Kb1 Kh1 1/2-1/2

[Event "*** Titled Tuesday Blitz"]
[Site "Chess.com"]
[Date "2021.03.09"]
[Round "8"]
[White "MustafayevFarid2004"]
[Black "davidkalashian"]
[Result "1/2-1/2"]
[WhiteElo "2447"]
[BlackElo "2575"]
[TimeControl "180+1"]
[EndTime "11:33:08 PST"]
[Termination "Game drawn by repetition"]

1. d4 Nf6 2. c4 e6 3. Nc3 Bb4 4. e3 c5 5. Ne2 cxd4 6. exd4 O-O 7. a3 Be7 8. Ng3 b6 9. Bd3 Bb7 10. O-O d5 11. Bg5 Nbd7 12. Re1 Rc8 13. b3 h6 14. Bf4 a6 15. Rc1 Bxa3 16. Rc2 Bb4 17. Re3 dxc4 18. bxc4 b5 19. c5 Bxc3 20. Rxc3 Nd5 21. Qg4 f5 22. Qf3 Ba8 23. Rc1 Nxe3 24. Qxe3 Bd5 25.
Bd6 Re8 26. f4 Nf6 27. Ra1 Ra8 28. h3 b4 29. Bc2 a5 30. Ba4 Re7 31. Nxf5 Rf7 32. Ng3 Rb7 33. f5 Qc8 34. Be5 Nd7 35.
Bf4 Nf6 36. Be5 Rf7 37. Rf1 Ra6 38. Bxf6 Rxf6 39. Nh5 Rxf5 40. Rxf5 exf5 41. Nxg7 Kxg7 42. Qe5+ Kh7 43. Qxd5 Rg6 44. Bd7 Qg8 45. Qxf5 Kh8 46. Qe5+ Qg7 47. c6 Rxg2+ 48. Kf1 Rg1+ 49. Kf2 Rg2+ 50. Kf3 Rc2 51. Qxg7+ Kxg7 52. d5 Kf6 53. d6 Ke5 54. c7 Kxd6 55. c8=Q Rxc8 56. Bxc8 Kc5 57.
Be6 a4 58. Ke3 b3 59. Kd2 Kb4 60. Kc1 Kc3 61. Kb1 a3 62. Bf5 Kd2 63. Be6 Kc3 64.
Bf5 Kb4 65. Be6 Kc3 1/2-1/2

[Event "*** Titled Tuesday Blitz"]
[Site "Chess.com"]
[Date "2021.03.09"]
[Round "8"]
[White "KonstantinB_1983"]
[Black "Handszar"]
[Result "0-1"]
[WhiteElo "2478"]
[BlackElo "2382"]
[TimeControl "180+1"]
[EndTime "11:33:08 PST"]
[Termination "Handszar won by resignation"]

1. d4 Nf6 2. c4 g6 3. Nc3 d5 4.
cxd5 Nxd5 5. e4 Nxc3 6. bxc3 Bg7 7. Bc4 O-O 8. Ne2 c5 9. h4 cxd4 10. h5 dxc3 11. Qc2 Nc6 12. hxg6 hxg6 13. Bh6 Bxh6 14. Rxh6 Qd2+ 15. Qxd2 cxd2+ 16. Kxd2 Ne5 17. Bb3 Rd8+ 18. Ke1 Kg7 19. Rh1 Bd7 20. f3 Nd3+ 21. Kf1 Bb5 22.
Nc3 Ba6 23. Kg1 Rac8 24. Nd5 e6 25. Ne3 Nf4 26. Kf2 Rd2+ 27. Kg3 Ne2+ 28. Kg4 f5+ 29. Kg5 fxe4 30. fxe4 Rc5+ 31. Kg4 Rc3 32. Rh3 Rd4 33. Kf3 Rc8 34. Kf2 Rf8+ 35. Rf3 Rxe4 36. Re1 Nd4 37.
Rxf8 Kxf8 38. Rc1 Ke7 39. Rc7+ Kf6 40. Rc8 Rf4+ 41. Kg3 Ne2+ 42. Kh3 Kg5 43. Rc5+ Kf6 44. Ng4+ Ke7 45. Re5 Nd4 46. Bd1 Bc4 47. a4 Bd5 48. Rg5 Nf5 49. Rxg6 Rf1 50. Kh2 Rxd1 51. Rg5 Kd6 52.
Nf6 Rd2 53. Ne8+ Ke5 54. Nc7 Kf4 55. Rg8 Be4 56. Rg7 Ke5 57. Rg6 Bxg2 58. Rxg2 Rxg2+ 59. Kxg2 a6 60. Kf2 Kd6 61. Ne8+ Kc5 62. Nf6 Nd4 63. Ke3 Nc2+ 64. Kd2 Nb4 65. Kc3 Nd5+ 66. Nxd5 Kxd5 67. a5 e5 68. Kd3 Kc5 69. Ke3 Kb5 70. Ke4 Kxa5 71.
Kxe5 Kb4 72. Kd4 a5 73. Kd3 a4 0-1

[Event "*** Titled Tuesday Blitz"]
[Site "Chess.com"]
[Date "2021.03.09"]
[Round "8"]
[White "SF-96"]
[Black "Trickov"]
[Result "1-0"]
[WhiteElo "2548"]
[BlackElo "2377"]
[TimeControl "180+1"]
[EndTime "11:33:12 PST"]
[Termination "SF-96 won on time"]

1. e4 c5 2. Nf3 d6 3. d4 Nf6 4. Nc3 cxd4 5. Nxd4 a6 6. Be3 e5 7. Nf3 Qc7 8. a4 h6 9. a5 Be6 10. Nd5 Bxd5 11. exd5 Nbd7 12. Be2 g6 13. O-O Bg7 14. c4 O-O 15. h3 Ne4 16. Nd2 Nxd2 17. Qxd2 Kh7 18. Rac1 f5 19. f4 e4 20. b4 Rac8 21.
Kh2 Rfd8 22. g4 Nf6 23. Rg1 Qf7 24. gxf5 gxf5 25. Rxg7+ Qxg7 26. Rg1 Qf7 27. Bd4 Rg8 28. Rxg8 Rxg8 29. Bf1 Qg6 30. Qf2 Nh5 31. c5 Ng3 32. Bg2 Qf7 33. c6 Qxd5 34. c7 Qc6 35. Bb6 d5 36.
Qd4 Nh5 37. Qe5 Qg6 38. Bf1 Qg3+ 39. Kh1 Qf3+ 40. Kh2 Qxf1 41. Qxf5+ Rg6 42. Qxg6+ Kxg6 43. c8=Q Qe2+ 44. Kg1 Qd1+ 45. Kh2 Qd2+ 46. Kg1 Qxf4 47. Qg8+ Kf5 48. Qxd5+ Qe5 49. Qf7+ Nf6 50. Qxb7 e3 51. Qf3+ Ke6 52. Qxe3 Qxe3+ 53. Bxe3 Nd5 54. Bxh6 Nxb4 55. Bd2 Nc6 56. Kf2 Kf5 57. Kf3 Nd4+ 58. Ke3 Ne6 59. Bc3 Ng5 60. h4 Nf7 61. Kd4 Nd6 62. Kc5 Ne4+ 63.
Kc4 Kg4 64. Be1 Nd6+ 65. Kc5 Nb7+ 66. Kb6 Nxa5 67. Kxa5 Kh5 68. Kxa6 Kh6 69. Kb5 Kh5 70. Kc4 Kg4 71. Kd3 Kh5 72. Ke2 1-0

[Event "*** Titled Tuesday Blitz"]
[Site "Chess.com"]
[Date "2021.03.09"]
[Round "8"]
[White "Sanyura"]
[Black "ChessQueen"]
[Result "0-1"]
[WhiteElo "2619"]
[BlackElo "2784"]
[TimeControl "180+1"]
[EndTime "11:33:16 PST"]
[Termination "ChessQueen won by checkmate"]

1. e4 c6 2. Nc3 d5 3. Nf3 dxe4 4. Nxe4 Nf6 5. Qe2 Nxe4 6. Qxe4 Nd7 7. Bc4 Nf6 8. Qe2 Bf5 9. d4 e6 10. c3 Be7 11.
O-O O-O 12. Bf4 Nd5 13. Bg3 Bg4 14. h3 Bh5 15. Rfe1 Re8 16. Bd3 a5 17. a3 a4 18. c4 Nf6 19. Rad1 Qa5 20. Be5 Rad8 21.
Bc2 Nd7 22. Bg3 Bf6 23. Be4 Nf8 24. Qe3 Qb6 25. c5 Qb5 26. Bd6 Be7 27. Bd3 Qb3 28.
Bxe7 Rxe7 29. Qg5 Bxf3 30. Qxe7 Rd7 31. Bxh7+ Kxh7 32. Qxf8 Bxd1 33. Re4 Bh5 34. Rh4 Qd1+ 35. Kh2 g5 36. Re4 Bg6 37. Re5 Qxd4 38. Rxg5 Qf4+ 39.
Rg3 Rd3 40. h4 Rxg3 41. fxg3 Qf5 42. Qe7 Qd5 43. Qxb7 Qxc5 44. Qc7 Qd5 45. Qf4 Kg7 46. Qg4 Qb5 47. Qd4+ Kh7 48. Qg4 Qd5 49. Qf4 Be4 50.
Qxf7+ Kh6 51. Qf6+ Bg6 52. Qh8+ Bh7 53. Qf8+ Kg6 54.
Qe8+ Kg7 55. Qe7+ Kh6 56. Qf6+ Kh5 57. Qf7+ Kh6 58. Qf6+ Bg6 59. g4 Kh7 60. h5 Be4 61. Qe7+ Kg8 62. Qe8+ Kg7 63. Qe7+ Kh8 64. Qf8+ Kh7 65.
Qf7+ Kh8 66. Qf6+ Kg8 67. g5 Qd6+ 68. Kh3 Qd3+ 69. g3 Bf5+ 70. Kh2 Qe2+ 71. Kg1 Qe1+ 72. Kg2 Be4+ 73. Kh3 Qh1+ 74. Kg4 Bf5+ 75. Kf4 Qe4# 0-1

[Event "*** Titled Tuesday Blitz"]
[Site "Chess.com"]
[Date "2021.03.09"]
[Round "8"]
[White "Nozdrachev_Vladislav"]
[Black "goldihouse"]
[Result "0-1"]
[WhiteElo "2705"]
[BlackElo "2590"]
[TimeControl "180+1"]
[EndTime "11:33:23 PST"]
[Termination "goldihouse won on time"]

1. e4 e6 2. d4 d5 3. Nc3 Nf6 4. Bg5 dxe4 5. Nxe4 Be7 6. Bxf6 gxf6 7. Nf3 f5 8. Nc3 a6 9. Bc4 b5 10. Bb3 c5 11.
dxc5 Qxd1+ 12. Rxd1 Nc6 13. a4 b4 14. Ne2 Bxc5 15.
Nfd4 Bb7 16. O-O Rd8 17. Nxc6 Bxc6 18. Rxd8+ Kxd8 19. Nd4 Bb7 20. c3 Rg8 21. g3 bxc3 22. bxc3 Kc7 23. Rd1 h5 24. f4 h4 25. Kf2 hxg3+ 26. hxg3 Rh8 27. Ke3 Rh3 28. Rg1 Kd6 29.
Bd1 Bc6 30. Be2 f6 31. Kd2 Rh2 32. Ke1 Bxd4 33. cxd4 a5 34. g4 fxg4 35. Rxg4 Bxa4 36. Rg6 f5 37. Bc4 Bd7 38. d5 Rc2 39. Bb3 Rb2 40. Bc4 Rb4 41. Ba2 Rxf4 42. dxe6 Re4+ 43. Kd2 Bxe6 44. Bb1 Re5 45. Rg7 Bd5 46. Ra7 Be4 47.
Ba2 Rc5 48. Ke3 Rc3+ 49. Kd4 Ra3 50. Bc4 Ra4 51. Ra6+ Ke7 52. Kc5 Ra1 53. Bb3 Rc1+ 54. Kd4 Rb1 55. Bc4 Ra1 56. Ke5 Kd7 57. Be6+ Kc7 58.
Bxf5 Bxf5 59. Kxf5 Kb7 60. Rh6 Re1 61. Rh7+ Kb6 62. Rh8 a4 63. Rb8+ Kc5 64. Ra8 Kb4 65. Rb8+ Kc3 66. Ra8 Kb3 67. Rb8+ Ka2 68. Kf4 a3 69.
Kf3 Ka1 70. Kf2 Re4 71. Rb7 Ka2 72. Rb8 Re5 73. Rb7 Rh5 74. Rb8 Rh2+ 75. Ke1 Rb2 76. Ra8 Rb3 77. Kd2 Kb2 78. Rc8 a2 79. Rc2+ Ka3 80. Rc1 Rb1 81. Rc3+ Kb4 0-1

[Event "*** Titled Tuesday Blitz"]
[Site "Chess.com"]
[Date "2021.03.09"]
[Round "8"]
[White "Lestofante90"]
[Black "zajka-molotok"]
[Result "0-1"]
[WhiteElo "2708"]
[BlackElo "2521"]
[TimeControl "180+1"]
[EndTime "11:33:28 PST"]
[Termination "zajka-molotok won by resignation"]

1. d4 d5 2. Nf3 Nf6 3. Bf4 c5 4. e3 Nc6 5. Nbd2 Bg4 6. c3 e6 7. Qb3 Qb6 8. Ne5 Nxe5 9. Bxe5 Nd7 10. Bg3 c4 11. Qc2 f5 12. f3 Bh5 13. e4 fxe4 14.
fxe4 Bg6 15. Be2 Be7 16. O-O Nf6 17. Bf3 O-O 18. Rae1 Rae8 19. Qc1 Bd8 20. Re2 Nxe4 21. Nxe4 dxe4 22. Bxe4 Rxf1+ 23. Qxf1 Bxe4 24. Rxe4 Qxb2 25. Qxc4 Qb1+ 26. Re1 Qf5 27. Qc8 Qf7 28. Rf1 Bf6 29.
Qc4 Qd7 30. h3 Rc8 31. Qb3 Rxc3 32. Qxc3 Bxd4+ 33. Qxd4 Qxd4+ 34. Kh2 Qc4 35. Rf2 h6 36.
a3 Qc3 37. Rf3 Qc5 38. Bf2 Qd6+ 39. Bg3 Qd5 40. Bf2 a5 41. Be1 h5 42. h4 e5 43. Bc3 Qe4 44. Rh3 b6 45. Kg1 Kf7 46.
Rf3+ Ke6 47. Kf2 Qxh4+ 48. Ke2 Qc4+ 49. Kf2 g5 50. Re3 e4 51. Rg3 g4 52. Re3 Kf5 53.
Be1 Qc5 54. Ke2 Kf4 55. g3+ Kf5 56. Bd2 Qc4+ 57. Ke1 a4 58. Rc3 Qd4 59. Re3 b5 60.
Ke2 Ke6 61. Bc3 Qc4+ 62. Ke1 Kd5 63. Bd2 Qa2 64. Ke2 Qc4+ 65. Ke1 Kd4 66. Re2 Qd3 67. Bb4 e3 68. Rb2 Ke4 69. Ba5 Qc4 70. Bb4 Kf3 71. Kd1 Qf1+ 72. Kc2 Qc4+ 73. Kb1 e2 74. Rc2 Qb3+ 75. Kc1 Qd3 76. Rd2 Qe3 77. Kc2 e1=Q 78. Rd3 Qxd3+ 79. Kxd3 Qe3+ 0-1

[Event "*** Titled Tuesday Blitz"]
[Site "Chess.com"]
[Date "2021.03.09"]
[Round "8"]
[White "Sergey85Rodchenkov"]
[Black "TorFredrikKaasen"]
[Result "1-0"]
[WhiteElo "2518"]
[BlackElo "2678"]
[TimeControl "180+1"]
[EndTime "11:33:28 PST"]
[Termination "Sergey85Rodchenkov won on time"]

1. e4 c5 2. Nf3 Nc6 3. d4 cxd4 4. Nxd4 Nf6 5. Nc3 d6 6. Bc4 Qb6 7. Ndb5 a6 8. Be3 Qd8 9. Nd4 e6 10. Bb3 Qc7 11. O-O Be7 12. f4 Na5 13. f5 Nxb3 14.
cxb3 e5 15. Nde2 b5 16. Rc1 Qb7 17. Ng3 Bd7 18. Bg5 Bc6 19. Bxf6 Bxf6 20. Nh5 b4 21. Nd5 Bxd5 22. exd5 Bg5 23. Rc6 g6 24. Ng3 Rc8 25.
Rxc8+ Qxc8 26. Ne4 Be3+ 27. Kh1 Qc7 28. Qf3 Bd4 29.
Nf6+ Kd8 30. Ne4 Kc8 31. g3 Kb7 32. Qd3 Rc8 33. fxg6 f5 34. Rxf5 Qc1+ 35. Kg2 Rc2+ 36. Nf2 Bxf2 37. Rxf2 Rxf2+ 38. Kxf2 Qxb2+ 39. Kf3 hxg6 40. Qe2 Qc3+ 41. Kg2 Kb6 42. h4 a5 43. g4 Kb7 44. h5 gxh5 45. gxh5 Qd4 46. Qf3 Qd2+ 47. Kg3 Qg5+ 48. Qg4 Qe3+ 49. Kh4 Qh6 50. Qg5 Qh7 51. h6 Qe4+ 52. Kh5 Qf3+ 53. Kg6 Qe4+ 54. Qf5 Qxd5 55. h7 Qg2+ 56. Kf7 Qh2 57. Kg8 Qg3+ 58.
Kf8 Qh4 59. Qf7+ Kc6 60. Kg8 Qg5+ 61. Qg7 Qd8+ 62. Qf8 Qg5+ 63. Kf7 Qh5+ 64. Kg7 Qg5+ 65. Kh8 e4 66. Qa8+ Kd7 67. Qxe4 Qf6+ 68. Kg8 Qg5+ 69. Kf7 Qh5+ 70. Kg7 Qg5+ 71. Qg6 Qe5+ 72. Kh6 Qh2+ 73. Kg7 Qe5+ 74. Qf6 Qg3+ 75. Kf7 1-0

[Event "*** Titled Tuesday Blitz"]
[Site "Chess.com"]
[Date "2021.03.09"]
[Round "8"]
[White "PopMilan95"]
[Black "ckgchess"]
[Result "1-0"]
[WhiteElo "2623"]
[BlackElo "2748"]
[TimeControl "180+1"]
[EndTime "11:33:30 PST"]
[Termination "PopMilan95 won by resignation"]

1. e4 c6 2. Nc3 d5 3. Qe2 d4 4.
Nd1 e5 5. g3 Bd6 6. d3 h5 7. f4 h4 8. Nf2 hxg3 9. hxg3 Rxh1 10. Nxh1 exf4 11. gxf4 Qh4+ 12. Nf2 Bxf4 13. Nf3 Qg3 14.
Bxf4 Qxf4 15. Nxd4 Nd7 16. Qd2 Qf6 17. c3 Ne5 18.
O-O-O Bd7 19. Qe3 O-O-O 20. Nc2 Kb8 21. d4 Ng6 22. Bc4 Nh6 23. e5 Qe7 24. Ne4 Bf5 25. Re1 Ng4 26. Qg5 Bxe4 27. Qxe7 Nxe7 28. Rxe4 Nh6 29.
Rf4 Nd5 30. Rf1 Kc7 31. Rg1 g6 32. Bxd5 Rxd5 33. Ne3 Rd8 34. Rh1 Ng8 35. Rh7 Rd7 36. Rg7 Nh6 37. Kd2 Kd8 38. Rh7 Nf5 39. Nxf5 gxf5 40.
Ke3 Ke7 41. Rh6 Rd8 42. Rf6 Rh8 43. Rxf5 Rh3+ 44. Rf3 Rh2 45. Rf2 Rh1 46. Kd3 Ra1 47.
a3 Rh1 48. Kc4 Rh4 49. Kc5 Rh5 50. a4 f5 51. a5 a6 52. Kb6 Ke6 53. Kxb7 Kd5 54.
Kxa6 c5 55. dxc5 Kxc5 56. e6 Kd6 57. Kb6 Rh8 58. Kb7 Rh7+ 59. Kb6 Rh8 60. Rd2+ Kxe6 61. a6 f4 62. a7 Ke5 63. Kb7 Rh7+ 64. Ka6 Rh6+ 65.
Ka5 Rh8 66. b4 Ke4 67. Rd4+ Ke3 68. Rxf4 Kxf4 69. b5 Ke5 70. b6 Kd6 71. b7 Kc7 72.
a8=Q Rh5+ 73. Kb4 Rh4+ 74. Kb3 Rh8 75. Qxh8 Kxb7 76. Qh6 Ka7 77. Kb4 Ka8 78. Kb5 Ka7 79. Qg7+ Ka8 80. Kb6 1-0

[Event "*** Titled Tuesday Blitz"]
[Site "Chess.com"]
[Date "2021.03.09"]
[Round "8"]
[White "jposthuma"]
[Black "Vsevolod_Ovchinnikov"]
[Result "1-0"]
[WhiteElo "2671"]
[BlackElo "2517"]
[TimeControl "180+1"]
[EndTime "11:33:34 PST"]
[Termination "jposthuma won by resignation"]

1. d4 d5 2. c4 dxc4 3. Nf3 Nf6 4.
Qa4+ c6 5. Qxc4 Be6 6. Qc2 g6 7. Nc3 Bg7 8. e4 O-O 9. Be2 Bg4 10. Be3 Nbd7 11. Rd1 Qc7 12. O-O Rac8 13. h3 Bxf3 14. Bxf3 e5 15. Be2 Rfe8 16. dxe5 Qxe5 17. f4 Qc7 18. e5 Bh6 19. Bf2 Nd5 20. Nxd5 cxd5 21.
Qxc7 Rxc7 22. g3 Nb6 23. Bf3 Rc2 24. Bxb6 axb6 25. Bxd5 Rxb2 26. Bb3 Bf8 27. Rd7 Bc5+ 28. Kh1 Re7 29. Rfd1 Kf8 30. Rd8+ Kg7 31. R1d7 Rb1+ 32. Kg2 Rg1+ 33. Kf3 Rf1+ 34. Ke4 Re1+ 35. Kf3 Re3+ 36. Kg2 Re2+ 37. Kf1 Rf2+ 38. Ke1 Rf3 39. Rxe7 Bxe7 40. Rd7 Kf8 41. Rxb7 Rxg3 42. Rxb6 Rxh3 43. a4 Rh4 44. Rb8+ Kg7 45. Rb7 Kf8 46. Rb8+ Kg7 47. Rb7 Kf8 48. a5 Rh1+ 49. Ke2 Ra1 50. Rb8+ Kg7 51. Rb7 Kf8 52. Ra7 Bc5 53. Rxf7+ Ke8 54. Rxh7 Rxa5 55. Bf7+ Kd8 56. Bxg6 Be7 57. Rf7 Ra2+ 58. Kf3 Ra5 59. Kg4 Ra4 60. Bf5 Ke8 61. Be6 Rb4 62.
Kf5 Kd8 63. Rh7 Rb1 64. Rh8+ Kc7 65. Rc8+ Kb7 66. Rc4 Rg1 67. Bd5+ Kb6 68. Ke6 Ba3 69. f5 Rf1 70. f6 Kb5 71. Re4 Bc5 72. Kd7 Kb6 73. Ke8 Kc7 74. Rg4 Re1 75. Re4 Rf1 76.
Be6 Rf2 77. f7 Kb6 78. Rg4 Re2 79. Rg5 Re3 80. Rf5 Re4 81. f8=Q Bxf8 82. Kxf8 Kc5 83. Kf7 Kd4 84. Kf6 Re3 85. Bf7 Re4 86. e6 Kc4 87. e7+ Kd4 88. e8=Q 1-0